 Dungeon Crawl Stone Soup version 0.20.1-1-g8b1a95d (webtiles) character file.

46 Lanoc the Sneak (level 3, -1/26 HPs)
             Began as an Octopode Monk on Nov 28, 2017.
             Slain by a gnoll (6 damage)
             ... on level 2 of the Dungeon.
             The game lasted 00:02:59 (851 turns).

Lanoc the Sneak (Octopode Monk)                      Turns: 851, Time: 00:02:59

Health: -1/26      AC:  4    Str: 10    XL:     3   Next: 68%
Magic:  3/3        EV: 14    Int: 12    God:
Gold:   46         SH:  0    Dex: 15    Spells: 2/2 levels left

rFire    . . .     SeeInvis .   h - -1 short sword (curse)
rCold    . . .     Gourm    .   (no shield)
rNeg     + . .     Faith    .   (helmet restricted)
rPois    .         Spirit   .   (no amulet)
rElec    .         Reflect  .   e - ring of positive energy
rCorr    .         Harm     .   c - +3 ring of protection
MR       .....                  (no ring)
Stlth    ++++......             (no ring)
Regen    0.1/turn               (no ring)
MPRegen  0.1/turn               (no ring)
                                (no ring)
                                (no ring)

@: no status effects
A: almost no armour, stealthy swim, amphibious, 8 rings, constrict 8, camouflage
1, gelatinous body 1
a: no special abilities


You were on level 2 of the Dungeon.
You were not hungry.

You visited 1 branch of the dungeon, and saw 2 of its levels.

You collected 46 gold pieces.

Inventory:

Hand Weapons
 f - a +0 dagger
 h - a cursed -1 short sword (weapon)
Jewellery
 c - a +3 ring of protection (right tentacle)
 e - a ring of positive energy (left tentacle)
Comestibles
 a - 5 chunks of flesh
 b - a bread ration
 d - a meat ration


   Skills:
 + Level 3.2 Fighting
 + Level 3.7 Short Blades
 + Level 3.2 Dodging
 * Level 3.8 Stealth


You had 2 spell levels left.
You didn't know any spells.

Dungeon Overview and Level Annotations

Branches:
Dungeon (2/15)

Altars:


Innate Abilities, Weirdness & Mutations

You cannot wear most types of armour.
You are very stealthy in the water. (Stealth+)
You are amphibious.
You can wear up to eight rings at the same time.
You can use your tentacles to constrict eight enemies at once.
Your skin changes colour to match your surroundings (Stealth+).
Your rubbery body absorbs attacks. (AC +1, EV +1)


Message History

The gnoll closely misses you. x2
You release your grip on the gnoll. x2; The quokka barely misses you.
The quokka bites you.
You hit the quokka. Your grab misses the quokka.
Your squeeze misses the quokka.
The quokka is almost dead.
The gnoll barely misses you. The quokka barely misses you.
The gnoll barely misses you.
You hit the gnoll but do no damage. You grab the gnoll.
The gnoll is almost dead.
You constrict the gnoll.
You kill the gnoll!
The gnoll misses you. The quokka bites you.
* * * LOW HITPOINT WARNING * * *
The gnoll hits you from afar with a spear.
* * * LOW HITPOINT WARNING * * *
You hit the gnoll. Your grab misses the gnoll.
The gnoll is moderately wounded.
The gnoll closely misses you. The gnoll hits you.
You die...

,,,* *,,,,,,,,* *,*,*,* *,
,,,*********###*********,*,*,* *,
,,,,,,,,,,,,,..,,*,,,,,,,,,*****,
**,,,,,,,,,*##.###**,***,*,,,,,,,
*,,,,,,,,,*#....# *,# *,**,*****
*,,,,,,,,,*#....# *.# *,*,,,,,**
**,,,,,,,,,##....###.# *,*****,**
*,,,,,,,,,,#.........# *,,,,,,,,,
*,,,,,,,,,*#....@rg..# *******,*,
*,,,,,,,,,*#....gg..###*,,,,,*,*,
*,,,,,,,,,*###...........***,*,*,
*,*******#####.##########* *,*,*,
*,########.....# *,*,,,
*,#.....)...#### *,***,
*,#..........#### *,* *,
*,#.............# *,* *,
*,+..........##.# ********+***,


You could see 3 gnolls and a quokka.

Vanquished Creatures
  A gnoll (D:2)
  2 worms (D:2)
  2 giant cockroaches
  7 goblins
  6 hobgoblins (D:1)
  5 kobolds (D:1)
  3 bats (D:1)
  4 frilled lizards (D:1)
  A rat (D:1)
31 creatures vanquished.

Notes
Turn   | Place    | Note
-------+----------+-------------------------------------------
     0 | D:1      | Lanoc the Octopode Monk began the quest for the Orb.
     0 | D:1      | Reached XP level 1. HP: 16/16 MP: 1/1
   100 | D:1      | Reached XP level 2. HP: 20/21 MP: 2/2
   642 | D:1      | Reached XP level 3. HP: 15/26 MP: 3/3
   851 | D:2      | Slain by a gnoll

Skill      XL: |  1  2 |
---------------+-------+-----
Stealth        | 3 |  3.8
Fighting       | |  3.2
Short Blades   | |  3.7
Dodging        | |  3.2

Action                   || total
-------------------------++-------
Melee: Short sword       ||    51
       Constrict         ||    20
       Tentacles         ||    11
       Dagger            ||     7
  Use: Scroll            ||     5
 Stab: Sleeping          ||     8
       Distracted        ||     1
Armor: Skin              ||     3
Dodge: Dodged            ||    47
